 Seeded DCSS version 0.29-a0-23-ga79f92ac9c (webtiles) character file.

Game seed: 10000000000011 (custom seed)

310 knot the Chopper (level 6, 0/47 HPs)
             Began as a Demonspawn Berserker on Jan 31, 2022.
             Was a Believer of Trog.
             Slain by Ijyb (1 damage)
             ... on level 4 of the Dungeon.
             The game lasted 00:02:47 (3294 turns).

knot the Chopper (Demonspawn Berserker)             Turns: 3294, Time: 00:02:48

Health: 0/47       AC:  5    Str: 18    XL:     6   Next: 17%
Magic:  6/6        EV: 11    Int: 10    God:    Trog [**....]
Gold:   119        SH:  0    Dex: 12    Spells: 5/5 levels left

rFire   . . .      SeeInvis .   a - +0 hand axe
rCold   . . .      Faith    .   (no shield)
rNeg    . . .      Spirit   .   h - +0 ring mail
rPois   .          Reflect  +   (no helmet)
rElec   .          Harm     .   (no cloak)
rCorr   .          Rampage  .   (no gloves)
Will    .....                   (no boots)
Stlth   ..........              d - amulet of reflection
HPRegen 0.15/turn               (no ring)
MPRegen 0.20/turn               (no ring)

@: confused, on berserk cooldown, slowed, very slow
A: magic regeneration, demonic touch 2
a: Renounce Religion, Berserk, Trog's Hand


You were on level 4 of the Dungeon.
You worshipped Trog.
Trog was pleased with you.
You visited 1 branch of the dungeon, and saw 4 of its levels.

You collected 119 gold pieces.

Inventory:

Hand Weapons
 a - a +0 hand axe (weapon)
Missiles
 f - 91 stones
 i - a poisoned dart (quivered)
 p - 4 boomerangs
Armour
 h - a +0 ring mail (worn)
Jewellery
 d - an amulet of reflection (around neck)
Wands
 o - a wand of polymorph (7)
Scrolls
 c - a scroll of amnesia {unknown}
 k - 2 scrolls of identify {unknown}
 m - 2 scrolls of blinking {unknown}
 n - a scroll of fog {unknown}
Potions
 b - a potion of might {unknown}
 e - a potion of curing {unknown}
 g - a potion of lignification {unknown}
 l - a potion of heal wounds {unknown}


   Skills:
 - Level 3.0 Fighting
 + Level 6.4 Axes
 - Level 1.7 Armour
 - Level 1.7 Dodging


You had 5 spell levels left.
You didn't know any spells.
Your spell library contained the following spells:

 Spells                   Type           Power      Damage    Failure   Level
 Corpse Rot               Necr/Air       0%         N/A       69%         2
 Ensorcelled Hibernation  Hex/Ice        0%         N/A       69%         2
 Passwall                 Tmut/Erth      0%         N/A       69%         2
 Poisonous Vapours        Pois/Air       0%         N/A       69%         2
 Swiftness                Air            0%         N/A       89%         3


Dungeon Overview and Level Annotations

Branches:
Dungeon (4/15)             Temple (0/1) D:4

Altars:

Shops:
D:3 [

Annotations:
D:4 Dowan, Ijyb


Innate Abilities, Weirdness & Mutations

You regenerate magic rapidly.
Your touch may inflict irresistible damage on your foes.


Message History

You feel sick. Duvessa closely misses you.
You feel sick.
Duvessa looks more healthy.
You feel sick.
Dowan gestures wildly while chanting.
Dowan blinks!
You feel sick.
You feel sick. Duvessa stings you.
* * * LOW HITPOINT WARNING * * *
A red film seems to cover your vision as you go berserk!
You feel yourself moving faster!
You feel mighty!
You feel sick.
You are no longer poisoned.
Duvessa stings you.
* * * LOW HITPOINT WARNING * * *
You slash Duvessa!
You kill Duvessa!
Trog accepts your kill.
Dowan seems overcome with grief.
Dowan seems to find hidden reserves of power!
Ijyb zaps a wand.
Your will is overpowered!
You are confused.
Your life force feels restored.
You have reached level 6!
Your demonic ancestry asserts itself...
Your hands glow brighter with unholy energy.
You feel a strong urge to attack something.
Dowan gestures wildly while chanting.
Dowan blinks!
You see here 15 bolts.
Ijyb misses you.
Dowan zaps a wand.
The puff of flame misses you.
You feel your anger nearly subside.
You are no longer berserk.
You are exhausted.
You feel yourself slow down.
Ijyb zaps a wand.
You resist with some effort.
Unknown command.
You are too confused!
It was a potion of magic.
Magic courses through your body. Dowan gestures at you while chanting.
The shard of ice hits you.
* * * LOW HITPOINT WARNING * * *
Ijyb hits you with a +0 club.
You die...

⌠.⌠####.####$....#
.>.'....# ####.##
⌠.⌠###### #(#
#'### #)# #.###
#.# #.# #§## #.#
#..# #.# ##.## ..#
#@g# .... ##.###
###. #(e.# ###.#
..# ..# ###


You could see Ijyb and Dowan (fast).

Vanquished Creatures
  An ogre (D:3)
  A scorpion (D:4)
  An orc priest (D:4)
  A centaur skeleton (D:4)
  5 adders
  2 orcs (D:4)
  6 endoplasms
  A giant cockroach (D:1)
  5 goblins
  5 hobgoblins
  14 jackals
  A ball python (D:2)
  7 bats
  5 frilled lizards
  3 kobolds
  5 rats
63 creatures vanquished.

Notes
Turn   | Place    | Note
-------+----------+-------------------------------------------
     0 | D:1      | knot the Demonspawn Berserker began the quest for the Orb.
     0 | D:1      | Reached XP level 1. HP: 18/18 MP: 1/1
   153 | D:1      | Reached skill level 3 in Axes
   359 | D:1      | Gained mutation: You regenerate magic rapidly. [demonic
                  | ancestry]
   359 | D:1      | Reached XP level 2. HP: 24/24 MP: 2/2
  1499 | D:2      | Gained mutation: Your touch may inflict minor irresistible
                  | damage on your foes. [demonic ancestry]
  1499 | D:2      | Reached XP level 3. HP: 29/29 MP: 3/3
  1561 | D:2      | Reached ** piety under Trog
  1567 | D:2      | Reached skill level 4 in Axes
  1869 | D:2      | Reached XP level 4. HP: 19/35 MP: 4/4
  2538 | D:3      | Noticed an ogre
  2546 | D:3      | Killed an ogre
  2547 | D:3      | Reached skill level 5 in Axes
  2547 | D:3      | Reached XP level 5. HP: 38/41 MP: 5/5
  2672 | D:3      | Found Daocsar's Antique Armour Emporium.
  3234 | D:4      | Found a staircase to the Ecumenical Temple.
  3251 | D:4      | Noticed Dowan
  3261 | D:4      | Reached skill level 6 in Axes
  3265 | D:4      | Noticed Duvessa
  3268 | D:4      | Noticed Ijyb
  3279 | D:4      | Noticed Duvessa
  3279 | D:4      | Duvessa changed into Duvessa the scorpion
  3288 | D:4      | HP: 3/60 [Duvessa the scorpion (2)]
  3289 | D:4      | Killed Duvessa the scorpion
  3290 | D:4      | Gained mutation: Your touch may inflict irresistible damage
                  | on your foes. [demonic ancestry]
  3290 | D:4      | Reached XP level 6. HP: 4/47 MP: 6/6
  3294 | D:4      | HP: 1/47 [Dowan/shard of ice (2)]
  3294 | D:4      | Slain by Ijyb

Illustrated notes

Levels and vault maps discovered:
D:1:      lordsloth_arrival_two_stooges, layout_basic, grunt_decor_fettered,
          minmay_misc_feat_diagonals, nicolae_concentric_dashed_squares_wild
D:2:      layout_rooms, hangedman_decor_clover_reticule
D:3:      layout_basic, serial_shops, shop, kennysheep_path_1
D:4:      layout_rooms, temple_doors_e, uniq_duvessa, uniq_ijyb

Skill      XL: |  1  2  3  4  5 |
---------------+----------------+-----
Axes           | 3 4 5 6 |  6.4
Fighting       | |  3.0
Armour         | |  1.7
Dodging        | |  1.7

Action                   |  1- 3 |  4- 6 || total
-------------------------+-------+-------++-------
Melee: Hand axe          |   136 |    36 ||   172
       Punch             |     3 |     1 ||     4
       Touch             |     4 |    11 ||    15
Throw: Dart              |       |     1 ||     1
Invok: Berserk           |     1 |     3 ||     4
Evoke: Wand              |       |     1 ||     1
  Use: Potion            |       |     1 ||     1
Armor: Animal skin       |    17 |       ||    17
       Ring mail         |    26 |    12 ||    38
Dodge: Dodged            |    81 |    21 ||   102
Block: Other             |    35 |     7 ||    42

Table legend: (Time is in decaauts)
 A = Elapsed time spent in this place.
 B = Non-inter-level travel time spent in this place.
 C = Inter-level travel time spent in this place.
 D = Time resting spent in this place.
 E = Time spent auto-exploring this place.
 F = Levels seen in this place.
 G = Mean time per level.
                   A        B        C        D        E       F      G
               +--------+--------+--------+--------+--------+-----+--------+
         Total |   3338 |   3260 |     78 |    980 |   1850 |   4 |  834.5 |
       Dungeon |   3338 |   3260 |     78 |    980 |   1850 |   4 |  834.5 |
               +--------+--------+--------+--------+--------+-----+--------+

Top non-repeatable levels by time:
     D:1: 1515 daAuts
     D:2: 950 daAuts
     D:3: 670 daAuts
     D:4: 201 daAuts
